 Dungeon Crawl Stone Soup version 0.28.0-43-g3370ac3207 (webtiles) character file.

Game seed: 7932172443864034428

61 Kaptain the Digger (level 4, 0/25 HPs)
             Began as a Gargoyle Earth Elementalist on Mar 17, 2022.
             Slain by Terence
             ... wielding a +0 flail
              (8 damage)
             ... on level 2 of the Dungeon.
             The game lasted 00:03:10 (1420 turns).

Kaptain the Digger (Gargoyle Earth Elementalist)    Turns: 1420, Time: 00:03:11

Health: 0/25       AC:  5    Str: 12    XL:     4   Next: 7%
Magic:  7/7        EV: 12    Int: 17    God:
Gold:   30         SH:  0    Dex: 10    Spells: 3/7 levels left

rFire   . . .      SeeInvis .   i - +1 dagger (venom)
rCold   . . .      Faith    .   (no shield)
rNeg    + . .      Spirit   .   b - +0 robe
rPois   ∞          Reflect  .   (no helmet)
rElec   +          Harm     .   (no cloak)
rCorr   .          Rampage  .   (no gloves)
Will    .....                   (no boots)
Stlth   ++........              (no amulet)
HPRegen 0.08/turn               (no ring)
MPRegen 0.10/turn               (no ring)

@: no status effects
A: sickness immunity, AC +3, negative energy resistance 1, electricity
resistance, torment resistance 1, petrification resistance, subdued magic 1
a: no special abilities


You were on level 2 of the Dungeon.
You visited 1 branch of the dungeon, and saw 2 of its levels.

You collected 30 gold pieces.

Inventory:

Hand Weapons
 a - a +0 short sword
 i - a +1 dagger of venom (weapon)
Missiles
 c - 5 stones
Armour
 b - a +0 robe (worn)
Magical Staves
 f - a staff of death
Potions
 d - 3 potions of flight
 e - a potion of mutation
 g - 2 potions of cancellation {unknown}
 h - a potion of degeneration {unknown}
 j - a potion of magic {unknown}
 k - 2 potions of brilliance {unknown}
 l - a potion of curing {unknown}


   Skills:
 * Level 1.5 Fighting
 + Level 0.5 Armour
 + Level 1.8 Dodging
 + Level 2.4 Stealth
 * Level 2.3 Spellcasting
 * Level 1.2 Conjurations
 - Level 0.7 Transmutations
 * Level 4.3 Earth Magic


You had 3 spell levels left.
You knew the following spells:

 Your Spells              Type           Power      Damage    Failure   Level
a - Sandblast             Erth           24%        2d8       2%          1
b - Stone Arrow           Conj/Erth      16%        3d8       16%         3

Your spell library contained the following spells:

 Spells                   Type           Power      Damage    Failure   Level
 Passwall                 Tmut/Erth      6%         N/A       8%          2
 Sting                    Tmut/Pois      8%         1d3       13%         1
 Poisonous Vapours        Pois/Air       2%         N/A       24%         2
 Petrify                  Tmut/Erth      8%         N/A       50%         4
 Olgreb's Toxic Radiance  Pois           1%         N/A       86%         4


Dungeon Overview and Level Annotations

Branches:
Dungeon (2/15)

Altars:

Annotations:
D:2 Terence


Innate Abilities, Weirdness & Mutations

You are immune to sickness and miasma.
Your stone body is resilient. (AC +3)
You are immune to poison.
You resist negative energy. (rN+)
You are resistant to electric shocks. (rElec)
You are resistant to unholy torment.
You are immune to petrification.
Your spells are a little easier to cast, but a little less powerful.


Message History

You miss the adder.
The adder is almost dead.
The adder barely misses you.
You hit the adder but do no damage.
The adder looks as sick as possible!
The adder is almost dead.
You kill the adder!
You have reached level 4!
You feel stronger.
You closely miss Terence. Terence hits you but does no damage.
Unknown command.
You barely miss Terence. Terence completely misses you.
Unknown command.
You barely miss Terence. Terence hits you with a +0 flail!
You hit Terence but do no damage. Terence closely misses you.
Unknown command.
You hit Terence but do no damage.
Terence is poisoned.
Terence closely misses you.
You barely miss Terence. Terence hits you with a +0 flail!
Terence screams, "I want your blood!"
You closely miss Terence.
Terence is moderately wounded.
Terence hits you with a +0 flail.
* * * LOW HITPOINT WARNING * * *
There is an open door here.
Terence looks more healthy.
Okay, then.
You closely miss Terence.
Terence is severely wounded.
Terence barely misses you.
Unknown command.
You hit Terence but do no damage.
Terence is severely wounded.
Terence misses you.
Unknown command.
Terence says, "Time to say good-bye..."
Terence says, "Time to say good-bye..."
It was a potion of mutation.
You feel extremely strange.
Your connection to magic feels subdued.
Terence hits you with a +0 flail!
You die...

...########.......#
.............#.#'##
+#######.####.#<#.#
.........# ###.#.#
#########.# #.#.#
....#.......#.######.#.#
.....>..............>..#
##..###.##.#########.###
...........@@.# #.#
####..##.##.##.# #.# .
#............#.# #.#
#.##..##.##.#####.# #.#
....#
#.................######.#
.$..#
#.##..#..................#
..).#
..........#.####..########
...)+ ............#
#..######### ....#
..........#.# #..##......#
....#


You could see Terence.

Vanquished Creatures
  2 adders (D:2)
  2 dart slugs (D:1)
  6 bats
  4 endoplasms (D:1)
  2 giant cockroaches (D:1)
  2 hobgoblins
  A jackal (D:1)
  4 kobolds
  A quokka (D:1)
  3 ball pythons (D:1)
  2 frilled lizards (D:1)
  4 goblins (D:1)
  2 rats (D:1)
  A spectral kobold (D:1)
36 creatures vanquished.

Notes
Turn   | Place    | Note
-------+----------+-------------------------------------------
     0 | D:1      | Kaptain the Gargoyle Earth Elementalist began the quest for
                  | the Orb.
     0 | D:1      | Reached XP level 1. HP: 10/10 MP: 3/3
   335 | D:1      | Reached XP level 2. HP: 13/16 MP: 3/5
   403 | D:1      | Reached skill level 4 in Earth Magic
   598 | D:1      | Reached skill level 1 in Fighting
   654 | D:1      | Reached XP level 3. HP: 17/20 MP: 6/6
   806 | D:1      | Reached skill level 1 in Conjurations
  1018 | D:1      | Found a faded altar of an unknown god.
  1135 | D:2      | Learned a level 3 spell: Stone Arrow
  1364 | D:2      | Noticed Terence
  1375 | D:2      | Reached XP level 4. HP: 25/25 MP: 7/7
  1420 | D:2      | Gained mutation: Your spells are a little easier to cast,
                  | but a little less powerful. [potion of mutation]
  1420 | D:2      | Slain by Terence

Illustrated notes

Levels and vault maps discovered:
D:1:      dpeg_arrival_brainrot, layout_rooms,
          dreamdust_ecumenical_altar_drowned_temple, minmay_close_crescents
D:2:      layout_basic, uniq_terence

Skill      XL: |  1  2  3 |
---------------+----------+-----
Earth Magic    | 4 |  4.3
Fighting       | 1 |  1.5
Conjurations   | 1 |  1.2
Armour         | |  0.5
Dodging        | |  1.8
Stealth        | |  2.4
Spellcasting   | |  2.3
Transmutations | |  0.7

Action                   |  1- 3 |  4- 6 || total
-------------------------+-------+-------++-------
Melee: Staff             |    30 |       ||    30
       Unarmed           |     1 |       ||     1
       Dagger            |     9 |     9 ||    18
 Cast: Sandblast         |    37 |       ||    37
  Use: Scroll            |     3 |       ||     3
       Potion            |       |     1 ||     1
 Stab: Sleeping          |     2 |       ||     2
Armor: Robe              |    18 |     1 ||    19
Dodge: Dodged            |    45 |     5 ||    50
